 Dungeon Crawl Stone Soup version 0.27-a0-1105-g946c659c87 (webtiles) character file.

Game seed: 16204185381807650371

1083 Gaff the Magician (level 8, -12/50 HPs)
             Began as a Djinni Earth Elementalist on Apr 30, 2021.
             Was a Plaything of Xom.
             Shot with an arrow by a centaur (13 damage)
             ... on level 5 of the Dungeon.
             The game lasted 00:14:47 (3807 turns).

Gaff the Magician (Djinni Earth Elementalist)       Turns: 3807, Time: 00:14:48

Health: -12/50     AC:  2    Str:  7    XL:     8   Next: 30%
Gold:   369        EV: 19    Int: 18    God:    Xom [..*...] SH:  0 Dex: 15

rFire    + + .     SeeInvis .   j - staff of death
rCold    x . .     Faith    .   (no shield)
rNeg     + . .     Spirit   .   c - +0 robe
rPois    ∞         Reflect  .   (no helmet)
rElec    .         Harm     .   (no cloak)
rCorr    .         Rampage  .   (no gloves)
Will     .....                  (boots unavailable)
Stlth    ++........             d - amulet of regeneration
HPRegen  1.16/turn              a - ring of magical power
MPRegen  0.00/turn              o - +4 ring of evasion

@: flying
A: fire resistance 2, cold vulnerability 1, float, innate caster, hp casting,
extra vitality 1
a: Renounce Religion


You were on level 5 of the Dungeon.
You worshipped Xom.
You were a toy of Xom.
You visited 1 branch of the dungeon, and saw 5 of its levels.

You collected 369 gold pieces.

Inventory:

Hand Weapons
 e - a +0 short sword
Missiles
 b - 124 stones
Armour
 c - a +0 robe (worn)
Magical Staves
 j - a staff of death (weapon)
Jewellery
 a - a ring of magical power (left hand)
 d - an amulet of regeneration (around neck)
 n - an amulet of guardian spirit
 o - a +4 ring of evasion (right hand)
Scrolls
 i - 2 scrolls of immolation {unknown}
 k - 5 scrolls of identify {unknown}
 l - a scroll of magic mapping {unknown}
 p - 2 scrolls of noise {unknown}
 r - a scroll of enchant weapon {unknown}
 s - 3 scrolls of teleportation
 t - a scroll of holy word {unknown}
Potions
 f - a potion of resistance {unknown}
 g - a potion of lignification {unknown}
 h - a potion of curing {unknown}
 m - a potion of ambrosia {unknown}
 q - a potion of heal wounds {unknown}


   Skills:
 + Level 6.3 Dodging
 - Level 1.5 Stealth
 * Level 7.0 Spellcasting


You had one spell level left.
You knew the following spells:

 Your Spells              Type           Power      Damage    Failure   Level
a - Sandblast             Erth           62%        2d14      1%          1
b - Passwall              Tmut/Erth      25%        N/A       1%          2
c - Stone Arrow           Conj/Erth      62%        3d10      1%          3
d - Petrify               Tmut/Erth      31%        N/A       6%          4
e - Lee's Rapid Deconstr  Erth           15%        3d11*     16%         5
f - Pain                  Necr           100%       1d9       1%          1
g - Call Imp              Summ           31%        N/A       1%          2
h - Blink                 Tloc           N/A        N/A       1%          2
Your spell library was empty.

Dungeon Overview and Level Annotations

Branches:
Dungeon (5/15)
 Temple: D:4-7

Altars:
Ru
Xom

Portals:
Abyss: D:5

Annotations:
D:5 2 transporters, Sergey's ghost, weakling DDDe


Innate Abilities, Weirdness & Mutations

You are immune to poison.
Your flesh is very heat resistant. (rF++)
You are vulnerable to cold. (rC-)
You float through the air rather than walking.
You learn spells naturally, not from books.
Your magical power is your life essence.
You have superior vitality. (+4 HP)


Message History

The centaur shoots an arrow.
The arrow hits you!
Your crimson imp hits the centaur but does no damage.
The centaur shoots an arrow.
The arrow misses you.
The centaur shoots an arrow.
The arrow barely misses you.
Your crimson imp barely misses the centaur.
You see here a bubbling dark potion.
The centaur shoots an arrow.
The arrow barely misses you.
The centaur shoots an arrow.
The arrow barely misses you.
Casting: Pain (safe; 1% risk of failure)
Confirm with . or Enter, or press ? or * to list all spells.
You blink.
The centaur shoots an arrow.
The arrow closely misses you.
The centaur shoots an arrow.
The arrow misses your crimson imp. The arrow misses you.
Casting: Blink (safe; 1% risk of failure)
Confirm with . or Enter, or press ? or * to list all spells.
A beastly little devil appears in a puff of flame.
The centaur shoots an arrow.
The arrow hits your crimson imp!
Casting: Call Imp (safe; 1% risk of failure)
Confirm with . or Enter, or press ? or * to list all spells.
A beastly little devil appears in a puff of flame.
The centaur shoots an arrow.
The arrow hits your crimson imp!
Your crimson imp dies!
The centaur shoots an arrow.
The arrow barely misses you.
Your crimson imp blinks!
The centaur shoots an arrow.
The arrow barely misses you.
The centaur shoots an arrow.
The arrow hits you!
* * * LOW HITPOINT WARNING * * *
x2 The centaur shoots an arrow.
The arrow misses you.
The centaur shoots an arrow.
The arrow closely misses you.
Your crimson imp blinks!
The centaur shoots an arrow.
The arrow hits your crimson imp!
Your crimson imp dies!
The centaur shoots an arrow.
The arrow closely misses you.
The centaur shoots an arrow.
The arrow hits you!
* * * LOW HITPOINT WARNING * * *
x2 The centaur shoots an arrow.
The arrow hits you!
* * * LOW HITPOINT WARNING * * *
x2 The centaur shoots an arrow.
The arrow hits you!
You die...
Xom titters!

^######)....#'##########.#.#
......[).).........# #.#.#
#.#####...........(# #.#.# #..#
##...........# #.#.# ##.#
#...........# #)#.# ..
#...........# #.#.# ...
............# #.#.#
.................# #.#.######
..............@..#####'#.......
..########.........####### .
#.5.......# #.........#
#.........# #.........#
#.........# ####c........#### #
#...............#


You could see a centaur and a friendly crimson imp (summoned).

Vanquished Creatures
  Grinder (D:5)
  A water moccasin (D:4)
  A necrophage (D:5)
  An ogre (D:4)
  A sky beast (D:5)
  A phantom (D:4)
  A howler monkey (D:4)
  A jelly (D:3)
  2 hounds
  A centaur skeleton (D:4)
  A gnoll shaman (D:5)
  An orc priest (D:5)
  2 orc wizards
  3 gnolls
  6 adders
  A white imp (D:5)
  An adder skeleton (D:4)
  A worm (D:3)
  A dart slug (D:1)
  21 orcs
  6 bats
  4 endoplasms
  3 giant cockroaches
  4 goblins
  5 hobgoblins
  4 jackals (D:4)
  7 quokkas
  3 ball pythons
  3 frilled lizards
  7 kobolds
  3 rats
98 creatures vanquished.

Notes
Turn   | Place    | Note
-------+----------+-------------------------------------------
     0 | D:1      | Gaff the Djinni Earth Elementalist began the quest for the
                  | Orb.
     0 | D:1      | Reached XP level 1. HP: 15/15 MP: 0/0
   119 | D:1      | Reached skill level 3 in Spellcasting
   119 | D:1      | Reached XP level 2. HP: 21/21 MP: 0/0
   383 | D:1      | Reached XP level 3. HP: 25/25 MP: 0/0
   383 | D:1      | Learned a level 1 spell: Pain
   993 | D:2      | Found a faded altar of an unknown god.
   996 | D:2      | Became a worshipper of Xom of Bone-Dry Humour
  1321 | D:2      | XOM: silly message
  1441 | D:3      | Reached XP level 4. HP: 24/31 MP: 0/0
  1498 | D:3      | XOM: silly message
  1545 | D:3      | XOM: silly message
  1559 | D:3      | Reached skill level 4 in Spellcasting
  1700 | D:3      | Reached XP level 5. HP: 21/35 MP: 0/0
  1700 | D:3      | Learned a level 2 spell: Call Imp
  1770 | D:3      | XOM: silly message
  1977 | D:3      | XOM: silly message
  2043 | D:4      | Noticed an ogre
  2053 | D:4      | Killed an ogre
  2054 | D:4      | Reached XP level 6. HP: 31/40 MP: 0/0
  2266 | D:4      | Reached skill level 5 in Spellcasting
  2400 | D:4      | XOM: silly message
  2453 | D:4      | Found a sacrificial altar of Ru.
  2513 | D:4      | Reached XP level 7. HP: 40/45 MP: 0/0
  2513 | D:4      | Learned a level 2 spell: Blink
  2569 | D:4      | XOM: silly message
  2718 | D:4      | XOM: silly message
  2815 | D:4      | XOM: draining
  2925 | D:5      | Entered Level 5 of the Dungeon
  3025 | D:5      | XOM: blink monster(s)
  3043 | D:5      | XOM: summons 2 friendly demons
  3045 | D:5      | XOM: cleaving
  3065 | D:5      | XOM: fog
  3071 | D:5      | XOM: enchant monster (bad)
  3089 | D:4      | XOM: summons 3 hostile demons
  3090 | D:4      | Reached skill level 5 in Dodging
  3240 | D:5      | Reached skill level 6 in Spellcasting
  3274 | D:5      | XOM: summons 2 hostile demons
  3434 | D:5      | Reached XP level 8. HP: 34/50 MP: 0/0
  3577 | D:5      | XOM: silly message
  3701 | D:5      | Found a transporter.
  3716 | D:5      | Found a transporter.
  3738 | D:5      | Noticed an ancient zyme
  3756 | D:5      | Noticed Sergey's ghost (weakling DDDe)
  3767 | D:5      | Found a one-way gate to the infinite horrors of the Abyss.
  3775 | D:5      | Noticed Grinder
  3785 | D:5      | XOM: enchant monster (good)
  3789 | D:5      | Killed Grinder
  3790 | D:5      | Reached skill level 7 in Spellcasting
  3807 | D:5      | HP: 1/50 [centaur/arrow (2)]
  3807 | D:5      | Shot with an arrow by a centaur

Illustrated notes

Levels and vault maps discovered:
D:1:      psy_arrival_terrarium, layout_basic
D:2:      layout_loops_ring, ebering_ecumenical_altar_rust, minmay_octomino_j4
D:3:      layout_basic, minivault_26, st_stairs_8, grunt_decor_fettered
D:4:      layout_loops_ring, amcnicky_altar_gilded, kennysheep_donut,
          minivault_27, grunt_ministairs_14, kennysheep_generic_room_14
D:5:      layout_basic, gammafunk_ghost_abyssal_escape, uniq_grinder

Skill      XL: |  1  2  3  4  5  6  7  8 |
---------------+-------------------------+-----
Spellcasting   | 3 4 5 6 7 |  7.0
Dodging        | 3 4 5 6 |  6.3
Stealth        | |  1.5

Action                   |  1- 3 |  4- 6 |  7- 9 || total
-------------------------+-------+-------+-------++-------
Melee: Short sword       |    24 |       |       ||    24
       Staff             |       |     5 |     2 ||     7
 Cast: Sandblast         |    19 |    12 |    12 ||    43
       Pain              |    37 |    78 |    62 ||   177
       Call Imp          |       |     1 |     5 ||     6
       Blink             |       |       |     6 ||     6
  Use: Scroll            |       |     1 |       ||     1
Armor: Robe              |     8 |     3 |     9 ||    20
Dodge: Dodged            |    45 |    37 |    71 ||   153

Table legend: (Time is in decaauts)
 A = Elapsed time spent in this place.
 B = Non-inter-level travel time spent in this place.
 C = Inter-level travel time spent in this place.
 D = Time resting spent in this place.
 E = Time spent auto-exploring this place.
 F = Levels seen in this place.
 G = Mean time per level.
                   A        B        C        D        E       F      G
               +--------+--------+--------+--------+--------+-----+--------+
         Total |   3811 |   3599 |    212 |    198 |   2483 |   5 |  762.2 |
       Dungeon |   3811 |   3599 |    212 |    198 |   2483 |   5 |  762.2 |
               +--------+--------+--------+--------+--------+-----+--------+

Top non-repeatable levels by time:
     D:4: 1025 daAuts
     D:2: 772 daAuts
     D:5: 729 daAuts
     D:3: 679 daAuts
     D:1: 605 daAuts
